 Dungeon Crawl Stone Soup version 0.21.1-1-g345015f (webtiles) character file.

70 Fang the Skirmisher (level 4, -1/43 HPs)
             Began as a Gargoyle Berserker on Apr 27, 2018.
             Was a Believer of Trog.
             Slain by an orc
             ... wielding a +0 flail
              (4 damage)
             ... on level 3 of the Dungeon.
             The game lasted 00:09:09 (2315 turns).

Fang the Skirmisher (Gargoyle Berserker)            Turns: 2315, Time: 00:09:09

Health: -1/43      AC:  6    Str: 27    XL:     4   Next: 22%
Magic:  4/4        EV: 12    Int:  7    God:    Trog [**....]
Gold:   115        SH:  0    Dex:  9    Spells: 3/3 levels left

rFire    . . .     SeeInvis .   a - +1 hand axe
rCold    . . .     Gourm    .   (no shield)
rNeg     + . .     Faith    .   b - +1 animal skin
rPois    ∞         Spirit   .   (no helmet)
rElec    +         Reflect  .   (no cloak)
rCorr    .         Harm     .   (no gloves)
MR       .....                  (no boots)
Stlth    ..........             (no amulet)
HPRegen  0.14/turn              (no ring)
MPRegen  0.09/turn              (no ring)

@: berserking, very quick
A: negative energy resistance 1, electricity resistance, unbreathing,
petrification resistance, rot immunity, AC +3
a: Berserk, Trog's Hand, Burn Spellbooks, Renounce Religion


You were on level 3 of the Dungeon.
You worshipped Trog.
Trog was pleased with you.
You were very hungry.

You visited 1 branch of the dungeon, and saw 3 of its levels.

You collected 115 gold pieces.

Inventory:

Hand Weapons
 a - a +1 hand axe (weapon)
Missiles
 i - 6 tomahawks (quivered)
Armour
 b - a +1 animal skin (worn)
Scrolls
 d - 3 scrolls of identify
Potions
 e - a potion of cancellation
 f - a potion of lignification
 g - a potion of berserk rage
Comestibles
 c - 5 rations
 h - 4 chunks of flesh


   Skills:
 + Level 3.9 Fighting
 + Level 3.4 Axes
 + Level 2.5 Armour
 + Level 2.1 Dodging
 + Level 0.6 Stealth


You had 3 spell levels left.
You didn't know any spells.

Dungeon Overview and Level Annotations

Branches:
Dungeon (3/15)

Altars:
Elyvilon
Okawaru
Wu Jian
Zin
The Shining One


Innate Abilities, Weirdness & Mutations

You are resistant to torment.
Your stone body is resilient. (AC +3)
You are immune to poison.
You resist negative energy. (rN+)
You are resistant to electric shocks. (rElec)
You can survive without breathing.
You are immune to petrification.
You are immune to rotting.


Message History

The adder bites you but does no damage.
You closely miss the frilled lizard. You slash the adder!
You kill the adder!
Trog accepts your kill. The bat hits you but does no damage.
The frilled lizard closely misses you.
You closely miss the frilled lizard. You slash the bat!
You kill the bat!
Trog accepts your kill.
Unknown command.
You slash the frilled lizard!
You kill the frilled lizard!
Trog accepts your kill.
Unknown command.
You hit the orc.
The orc is severely wounded.
Unknown command.
You barely miss the orc.
The orc is severely wounded.
The orc hits you with a flail.
You die...

#. .. . ##.# #.#
#...#### .... #...#..
....#
♣...#.#####...###
♣♣♣♣♣..#.##†@o.....#
♣♣...♣♣.(....##...#.#
♣.._..♣♣(....##......
♣......8)............
♣._.⌠....####.#...#.#
♣......8..# .# .....
# ♣.._..♣♣#.# .# .# #
# ♣♣...♣♣.#.# .# .
♣♣♣♣♣..#.# ..


You could see an orc.

Vanquished Creatures
  2 adders
  An ooze (D:2)
  A leopard gecko (D:3)
  5 orcs (D:3)
  2 giant cockroaches
  2 goblins
  5 hobgoblins
  4 jackals (D:2)
  5 kobolds
  5 bats
  A frilled lizard (D:3)
  6 rats
39 creatures vanquished.

Notes
Turn   | Place    | Note
-------+----------+-------------------------------------------
     0 | D:1      | Fang the Gargoyle Berserker began the quest for the Orb.
     0 | D:1      | Reached XP level 1. HP: 14/14 MP: 1/1
   226 | D:1      | Reached XP level 2. HP: 17/19 MP: 2/2
  1130 | D:2      | Reached XP level 3. HP: 5/24 MP: 3/3
  1383 | D:2      | Reached ** piety under Trog
  1461 | D:2      | Found a faded altar of an unknown god.
  1549 | D:2      | Found an iron altar of Okawaru.
  2211 | D:3      | Found an ornate altar of the Wu Jian Council.
  2248 | D:3      | Found a white marble altar of Elyvilon.
  2248 | D:3      | Found a glowing silver altar of Zin.
  2249 | D:3      | Found a glowing golden altar of the Shining One.
  2305 | D:3      | Reached XP level 4. HP: 7/29 MP: 4/4
  2315 | D:3      | Slain by an orc

Skill      XL: |  1  2 |
---------------+-------+-----
Axes           | 3 |  3.4
Dodging        | 2 |  2.1
Fighting       | |  3.9
Armour         | |  2.5
Stealth        | |  0.6

Action                   |  1- 3 |  4- 6 || total
-------------------------+-------+-------++-------
Melee: Hand axe          |   129 |     9 ||   138
Invok: Berserk           |       |     1 ||     1
  Use: Scroll            |     8 |       ||     8
  Eat: Chunk             |     4 |       ||     4
Armor: Animal skin       |    62 |     5 ||    67
Dodge: Dodged            |   113 |     8 ||   121
